 Dungeon Crawl Stone Soup version 0.28.0-45-g0d030f2227 (webtiles) character file.

Game seed: 2063481548878311027

2414 Ablot the Magician (level 9, 0/70 HPs)
             Began as a Gnoll Warper on Apr 1, 2022.
             Was an Elder of Okawaru.
             Slain by a killer bee (7 damage)
             ... on level 8 of the Dungeon.
             The game lasted 00:16:43 (10479 turns).

Ablot the Magician (Gnoll Warper)                  Turns: 10479, Time: 00:16:43

Health: 0/70       AC: 11    Str: 15    XL:     9   Next: 47%
Magic:  17/19      EV: 16    Int: 18    God:    Okawaru [****..]
Gold:   414        SH:  0    Dex: 12    Spells: 18/21 levels left

rFire   . . .      SeeInvis .   a - +0 trident
rCold   . . .      Faith    +   (no shield)
rNeg    . . .      Spirit   .   b - +2 leather armour {Will+}
rPois   .          Reflect  .   (no helmet)
rElec   .          Harm     .   (no cloak)
rCorr   .          Rampage  .   e - +0 pair of gloves
Will    +....                   (no boots)
Stlth   ++++......              u - amulet of faith
HPRegen 0.21/turn               z - +4 ring of protection
MPRegen 0.16/turn               w - +6 ring of intelligence

@: heroic
A: fangs 1, strong nose, distributed training
a: Renounce Religion, Heroism, Finesse


You were on level 8 of the Dungeon.
You worshipped Okawaru.
Okawaru was greatly pleased with you.
You visited 2 branches of the dungeon, and saw 9 of its levels.

You collected 440 gold pieces.
You spent 26 gold pieces at shops.

Inventory:

Hand Weapons
 a - a +0 trident (weapon)
 N - a +1 vampiric scimitar
Missiles
 d - 5 boomerangs of dispersal
 i - 59 sling bullets
 j - 140 stones
 l - 113 arrows
 r - 12 poisoned darts (quivered)
 I - 30 bolts
Armour
 b - a +2 leather armour of willpower (worn)
 e - a +0 pair of gloves (worn)
Magical Staves
 K - a staff of death
Jewellery
 g - a ring of protection from cold
 q - a ring of ice
 u - an amulet of faith (around neck)
 w - a +6 ring of intelligence (right hand)
 z - a +4 ring of protection (left hand)
 P - a ring of positive energy
Wands
 B - a wand of iceblast (15)
 H - a wand of polymorph (5)
 O - a wand of mindburst (14)
Scrolls
 c - 4 scrolls of blinking
 f - 3 scrolls of teleportation {unknown}
 k - a scroll of magic mapping {unknown}
 o - 2 scrolls of enchant armour {unknown}
 s - a scroll of torment {unknown}
 t - a scroll of silence {unknown}
 x - a scroll of amnesia {unknown}
 y - a scroll of brand weapon {unknown}
 C - a scroll of fear {unknown}
 E - a scroll of noise {unknown}
 L - a scroll of fog {unknown}
 M - 2 scrolls of immolation {unknown}
Potions
 h - 3 potions of mutation
 m - 4 potions of attraction
 n - 2 potions of lignification
 p - a potion of cancellation
 v - 2 potions of berserk rage
 A - 2 potions of heal wounds
 D - a potion of ambrosia
 F - a potion of brilliance
 G - 3 potions of curing
 J - a potion of resistance {unknown}
 Q - a potion of degeneration {unknown}


   Skills:
 + Level 6.3(11.3) Fighting
 + Level 4.3(9.3) Short Blades
 + Level 4.3(9.3) Long Blades
 + Level 4.3(9.3) Axes
 + Level 4.3(9.3) Maces & Flails
 + Level 6.3(11.3) Polearms
 + Level 4.3(9.3) Staves
 + Level 4.3(9.3) Slings
 + Level 4.3(9.3) Bows
 + Level 4.3(9.3) Crossbows
 + Level 5.1(10.1) Throwing
 + Level 5.1(10.1) Armour
 + Level 6.3(11.3) Dodging
 + Level 4.3(9.3) Stealth
 + Level 4.3(9.3) Shields
 + Level 4.3(9.3) Unarmed Combat
 + Level 6.6 Spellcasting
 + Level 3.5 Conjurations
 + Level 3.5 Hexes
 + Level 3.5 Summonings
 + Level 3.5 Necromancy
 + Level 6.6 Translocations
 + Level 3.5 Transmutations
 + Level 3.5 Fire Magic
 + Level 3.5 Ice Magic
 + Level 3.5 Air Magic
 + Level 3.5 Earth Magic
 + Level 3.5 Poison Magic
 + Level 4.7 Invocations
 + Level 4.3 Evocations


You had 18 spell levels left.
You knew the following spells:

 Your Spells              Type           Power      Damage    Failure   Level
a - Blink                 Tloc           58%        N/A       1%          2
b - Slow                  Hex            72%        N/A       3%          1

Your spell library contained the following spells:

 Spells                   Type           Power      Damage    Failure   Level
 Gell's Gravitas          Tloc           29%        N/A       2%          3
 Lesser Beckoning         Tloc           29%        N/A       2%          3
 Teleport Other           Tloc           29%        N/A       2%          3
 Magic Dart               Conj           72%        1d6       3%          1
 Confusing Touch          Hex            18%        N/A       10%         3
 Mephitic Cloud           Conj/Pois/Air  18%        N/A       10%         3
 Vampiric Draining        Necr           18%        2d7       10%         3
 Manifold Assault         Tloc           29%        N/A       24%         5
 Fireball                 Conj/Fire      9%         3d6       65%         5
 Starburst                Conj/Fire      9%         6d5       99%         6
 Ignition                 Fire           9%         3d5       100%        8
 Summon Small Mammal      Summ           Unusable   N/A       N/A         1
 Call Imp                 Summ           Unusable   N/A       N/A         2
 Call Canine Familiar     Summ           Unusable   N/A       N/A         3
 Summon Guardian Golem    Hex/Summ       Unusable   N/A       N/A         3

Dungeon Overview and Level Annotations

Branches:
Dungeon (8/15)             Temple (1/1) D:5
   Lair: D:8-11

Altars:
Cheibriados
Dithmenos
Fedhas
Gozag
Hepliaklqana
Kikubaaqudgha
Makhleb
Okawaru
Qazlal
Ru
Sif Muna
Trog
Uskayaw
Vehumet
Wu Jian
Xom
Zin
The Shining One

Shops:
D:1 *=!:   D:3 (


Innate Abilities, Weirdness & Mutations

You have very sharp teeth.
Your uncanny sense of smell can sniff out nearby items.
Your experience applies equally to all skills.


Message History

The killer bee closely misses you.
The orc warrior hits you with a +0 short sword.
You puncture the orc warrior!
The orc warrior is moderately wounded.
The killer bee stings you but does no damage.
The killer bee closely misses you.
You puncture the orc warrior!
You bite the orc warrior, but do no damage.
The orc warrior is heavily wounded.
The orc warrior hits you with a +0 short sword.
The killer bee stings you but does no damage.
You barely miss the orc warrior.
You bite the orc warrior, but do no damage.
The orc warrior is heavily wounded.
The killer bee misses you. The orc warrior barely misses you.
The killer bee stings you.
* * * LOW HITPOINT WARNING * * *
You barely miss the orc warrior.
The orc warrior is heavily wounded.
The killer bee closely misses you.
The orc warrior hits you with a +0 short sword!
* * * LOW HITPOINT WARNING * * *
Unknown command.
Casting: Slow (safe; 3% risk of failure)
Confirm with . or Enter, or press ? or * to list all spells.
You blink.
The killer bee buzzes angrily.
The killer bee stings you but does no damage. x2
Unknown command.
Unknown command.
The killer bee misses you.
Unknown command.
You feel stable enough to blink again. The killer bee misses you.
Unknown command.
The killer bee closely misses you. The killer bee closely misses you.
The killer bee stings you.
* * * LOW HITPOINT WARNING * * *
The killer bee barely misses you. The killer bee stings you!
You die...

######### #.###.##......
#.......# #.......#.....
#####.#####.# #######.......
..))........# #..#.#.#.
####..##....##### #.##.#...
####..##.##.....# #.####..#
##...........##.## #.##.)..#
##.#.........#8y8#### #.##.##.#
...#..###.#.o.yy@...# #.##.##.#
...........yy#8y8#..# #.......#
#########.##.##.##..# ###...### #
#......yy...#..## #...# # #
#........o###..# #####...### #
#......o.#y##..####..........
#####........#o#.................
....#.......##.#.#.#.##..........
.yyy'........{##.#.#.######...###


You could see an orc warrior, 6 killer bees and an orc.

Vanquished Creatures
  2 steam dragons (D:6)
  3 water moccasins
  2 orc warriors (D:8)
  A black bear (D:5)
  An ice beast (D:8)
  2 ogres (D:4)
  3 centaurs
  A phantom (D:7)
  A kobold brigand (D:6)
  4 bullfrogs
  2 scorpions
  3 hounds (D:7)
  A quasit (D:6)
  A bullfrog zombie (D:6)
  2 bullfrog skeletons (D:5)
  2 orc priests (D:8)
  An iguana (D:4)
  Ijyb (D:5)
  An orc wizard (D:8)
  6 gnolls
  A howler monkey skeleton (D:5)
  6 adders
  A shadow imp (D:7)
  An adder skeleton (D:4)
  2 worms (D:3)
  A dart slug (D:1)
  16 orcs
  5 ball pythons
  7 endoplasms
  3 giant cockroaches
  11 goblins
  10 hobgoblins
  3 jackals (D:2)
  10 kobolds
  4 quokkas
  6 bats
  3 frilled lizards
  A goblin skeleton (D:6)
  A goblin zombie (D:6)
  4 hobgoblin zombies (D:6)
  2 kobold skeletons (D:6)
  A kobold zombie (D:6)
  An orc skeleton (D:6)
  6 rats
  A bush (D:6)
147 creatures vanquished.

Vanquished Creatures (others)
  2 kobolds (D:7)
2 creatures vanquished.

Grand Total: 149 creatures vanquished

Notes
Turn   | Place    | Note
-------+----------+-------------------------------------------
     0 | D:1      | Ablot the Gnoll Warper began the quest for the Orb.
     0 | D:1      | Reached XP level 1. HP: 20/20 MP: 6/6
   352 | D:1      | Reached XP level 2. HP: 26/26 MP: 7/7
   355 | D:1      | Learned a level 2 spell: Blink
   367 | D:1      | Found Xairchaheacw's Distillery.
   394 | D:1      | Found Ibifeg's Jewellery Boutique.
   420 | D:1      | Found Zuaz's General Store.
   713 | D:1      | Reached XP level 3. HP: 31/31 MP: 9/9
   867 | D:1      | Found Weclubbo's Book Shop.
   899 | D:1      | Reached skill level 5 in Spellcasting
  1223 | D:2      | Reached skill level 1 in Invocations
  1229 | D:1      | HP: 1/31 [poisoned by an adder]
  1660 | D:1      | Bought a scroll of identify for 26 gold pieces
  1675 | D:2      | Found a shadowy altar of Dithmenos.
  1707 | D:2      | Reached skill level 1 in Short Blades
  1707 | D:2      | Reached skill level 1 in Long Blades
  1707 | D:2      | Reached skill level 1 in Axes
  1707 | D:2      | Reached skill level 1 in Maces & Flails
  1707 | D:2      | Reached skill level 1 in Staves
  1707 | D:2      | Reached skill level 1 in Slings
  1707 | D:2      | Reached skill level 1 in Bows
  1707 | D:2      | Reached skill level 1 in Crossbows
  1707 | D:2      | Reached skill level 1 in Stealth
  1707 | D:2      | Reached skill level 1 in Shields
  1707 | D:2      | Reached skill level 1 in Unarmed Combat
  1707 | D:2      | Reached skill level 1 in Evocations
  1764 | D:2      | Reached XP level 4. HP: 28/38 MP: 11/11
  2030 | D:2      | Found a faded altar of an unknown god.
  2739 | D:3      | Reached skill level 1 in Conjurations
  2739 | D:3      | Reached skill level 1 in Hexes
  2739 | D:3      | Reached skill level 1 in Summonings
  2739 | D:3      | Reached skill level 1 in Necromancy
  2739 | D:3      | Reached skill level 1 in Transmutations
  2739 | D:3      | Reached skill level 1 in Fire Magic
  2739 | D:3      | Reached skill level 1 in Ice Magic
  2739 | D:3      | Reached skill level 1 in Air Magic
  2739 | D:3      | Reached skill level 1 in Earth Magic
  2739 | D:3      | Reached skill level 1 in Poison Magic
  3067 | D:3      | Found an iron altar of Okawaru.
  3076 | D:3      | Became a worshipper of Warmaster Okawaru
  3204 | D:3      | Found Akhloluawka's Antique Weapon Shop.
  3317 | D:3      | Found a hide-covered altar of Uskayaw.
  3732 | D:4      | Reached XP level 5. HP: 43/43 MP: 12/12
  3776 | D:4      | Noticed an ogre
  3797 | D:4      | Killed an ogre
  3872 | D:4      | Reached XP level 6. HP: 14/50 MP: 13/13
  4805 | D:5      | Entered Level 5 of the Dungeon
  4815 | D:5      | Reached skill level 5 in Fighting
  4815 | D:5      | Reached skill level 5 in Polearms
  4815 | D:5      | Reached skill level 5 in Dodging
  4936 | D:5      | Reached * piety under Okawaru
  4948 | D:5      | Noticed Ijyb
  4962 | D:5      | Killed Ijyb
  5036 | D:5      | Reached XP level 7. HP: 56/56 MP: 15/15
  5048 | D:5      | Learned a level 1 spell: Slow
  5101 | D:5      | Found a shadowy altar of Dithmenos.
  6034 | D:5      | Found a staircase to the Ecumenical Temple.
  6043 | Temple   | Entered the Ecumenical Temple
  6353 | D:6      | Reached ** piety under Okawaru
  6619 | D:6      | Found a glowing golden altar of the Shining One.
  6707 | D:6      | Reached XP level 8. HP: 55/63 MP: 16/16
  8189 | D:6      | Reached *** piety under Okawaru
  8681 | D:7      | Found a shimmering altar of Xom.
  8911 | D:7      | Reached XP level 9. HP: 34/69 MP: 18/18
  9944 | D:8      | Reached **** piety under Okawaru
 10108 | D:8      | Found a stormy altar of Qazlal.
 10315 | D:8      | Reached skill level 5 in Throwing
 10315 | D:8      | Reached skill level 5 in Armour
 10479 | D:8      | Slain by a killer bee

Illustrated notes

Levels and vault maps discovered:
D:1:      nagdon_arrival_double_spiral, layout_basic, serial_shops,
          nicolae_shop_hallway_plus, nicolae_shop_behind_doors, shop, shop,
          minmay_misc_feat_iff
D:2:      layout_rooms, basic_altar, shapermc_ecumenical_altar_flowoftime
D:3:      layout_loops_ring, mainiacjoe_overflow_cross_hatched,
          mainiacjoe_overflow_alcove_1, serial_shops,
          nicolae_shop_advertising_works [nicolae_subvault_shop_adworks],
          bh_walls_and_bars
D:4:      layout_basic
D:5:      layout_basic, kennysheep_mini, minmay_temple_entry_junction_2,
          uniq_ijyb
D:6:      layout_gridville, nicolae_tso_besieged_by_evil, glass_columns_c,
          kb_lookout_dungeons_type
D:7:      layout_loops_ring, mainiacjoe_overflow_alcove_2
D:8:      layout_loops_cross, nicolae_qazlal_scattered_showers,
          small_statue_intersection, st_stairs_4, kennysheep_small_spiral
Temple:   minmay_temple_bridge_abc

Skill      XL: |  1  2  3  4  5  6  7  8  9 |
---------------+----------------------------+-----
Spellcasting   | 5 6 |  6.6
Invocations    | 1 2 3 4 |  4.7
Short Blades   | 1 2 3 4 |  4.3
Long Blades    | 1 2 3 4 |  4.3
Axes           | 1 2 3 4 |  4.3
Maces & Flails | 1 2 3 4 |  4.3
Staves         | 1 2 3 4 |  4.3
Slings         | 1 2 3 4 |  4.3
Bows           | 1 2 3 4 |  4.3
Crossbows      | 1 2 3 4 |  4.3
Stealth        | 1 2 3 4 |  4.3
Shields        | 1 2 3 4 |  4.3
Unarmed Combat | 1 2 3 4 |  4.3
Evocations     | 1 2 3 4 |  4.3
Conjurations   | 1 2 3 |  3.5
Hexes          | 1 2 3 |  3.5
Summonings     | 1 2 3 |  3.5
Necromancy     | 1 2 3 |  3.5
Transmutations | 1 2 3 |  3.5
Fire Magic     | 1 2 3 |  3.5
Ice Magic      | 1 2 3 |  3.5
Air Magic      | 1 2 3 |  3.5
Earth Magic    | 1 2 3 |  3.5
Poison Magic   | 1 2 3 |  3.5
Throwing       | 3 4 5 |  5.1
Armour         | 3 4 5 |  5.1
Fighting       | 5 6 |  6.3
Polearms       | 5 6 |  6.3
Dodging        | 5 6 |  6.3
Translocations | 6 |  6.6

Action                   |  1- 3 |  4- 6 |  7- 9 || total
-------------------------+-------+-------+-------++-------
Melee: Spear             |   175 |       |       ||   175
       Bite              |    12 |    22 |    43 ||    77
       Punch             |     2 |     3 |    11 ||    16
       Trident           |       |   197 |   399 ||   596
Throw: Dart              |       |     3 |    23 ||    26
 Cast: Slow              |       |       |    10 ||    10
       Blink             |       |       |     6 ||     6
Invok: Heroism           |       |       |     3 ||     3
  Use: Scroll            |       |       |     8 ||     8
 Stab: Sleeping          |       |     5 |     6 ||    11
       Distracted        |       |       |     1 ||     1
Armor: Leather armour    |    36 |    32 |   137 ||   205
Dodge: Dodged            |    84 |   111 |   219 ||   414
